 Dungeon Crawl Stone Soup version 0.31-a0-246-g8cbcc1cb85 (webtiles) character file.

Game seed: 7118985045544260891

26 qw the Shooter (level 3, 0/21 HPs)
             Began as a Gargoyle Hexslinger on July 12, 2023.
             Slain by a quokka (1 damage)
             ... on level 1 of the Dungeon.
             The game lasted 00:00:14 (320 turns).

qw the Shooter (Gargoyle Hexslinger)                 Turns: 320, Time: 00:00:15

Health: 0/21       AC:  5    Str: 11    XL:     3   Next: 8%
Magic:  4/4        EV: 12    Int: 13    God:
Gold:   35         SH:  0    Dex: 14    Spells: 3/4 levels left

rFire   . . .        a - +1 sling
rCold   . . .        (no shield)
rNeg    + . .        c - +0 robe
rPois   inf          (no helmet)
rElec   +            (no cloak)
rCorr   .            (no gloves)
SInv    .            (no boots)
Will    .....        (no amulet)
Stlth   +            (no ring)
HPRegen 0.23/turn    (no ring)
MPRegen 0.09/turn

%: no passive effects
@: no status effects
A: sickness immunity, AC +3, negative energy resistance 1, electricity
resistance, torment resistance 1, petrification resistance
a: no special abilities


You were on level 1 of the Dungeon.
You visited 1 branch of the dungeon, and saw 1 of its levels.

You collected 35 gold pieces.


Innate Abilities, Weirdness & Mutations

You are immune to sickness and miasma.
Your stone body is resilient. (AC +3)
You are immune to poison.
You resist negative energy. (rN+)
You are resistant to electric shocks. (rElec)
You are resistant to unholy torment.
You are immune to petrification.


   Skills:
 - Level 2.0 Fighting
 + Level 3.0 Ranged Weapons
 - Level 1.5 Dodging
 - Level 1.0 Spellcasting
 - Level 2.6 Hexes


You had 3 spell levels left.
You knew the following spells:

 Your Spells              Type           Power      Damage    Failure   Level
a - Slow                  Hex            28%        N/A       10%         1

Your spell library contained the following spells:

 Spells                   Type           Power      Damage    Failure   Level
 Inner Flame              Hex/Fire       4%         N/A       43%         3
 Portal Projectile        Hex/Tloc       8%         N/A       43%         3
 Cause Fear               Hex            3%         N/A       67%         4

Inventory:

Hand Weapons
 a - a +1 sling (weapon)
Armour
 c - a +0 robe (worn)
 f - a +0 ring mail
 g - a scarf of invisibility
Scrolls
 b - a scroll of poison
 e - a scroll of fear {unknown}
 h - a scroll of identify {unknown}
Potions
 d - a potion of enlightenment {unknown}

Dungeon Overview and Level Annotations

Branches:
Dungeon (1/15)

Altars:


Message History

The kobold is moderately wounded.
The rat closely misses you. The kobold closely misses you.
The quokka bites you but does no damage.
The rat bites you but does no damage. The kobold hits you but does no damage.
You shoot a sling bullet.
The sling bullet hits the kobold but does no damage.
The kobold is moderately wounded.
The quokka closely misses you. The kobold hits you but does no damage.
The rat barely misses you. The quokka bites you.
You shoot a sling bullet.
The sling bullet completely misses the kobold.
The rat bites you but does no damage. The kobold closely misses you.
The quokka barely misses you.
You shoot a sling bullet.
The sling bullet closely misses the kobold.
The quokka barely misses you. The rat barely misses you.
The kobold hits you but does no damage. The quokka closely misses you.
You shoot a sling bullet. The sling bullet hits the kobold.
You kill the kobold!
The rat barely misses you. The quokka barely misses you.
The rat barely misses you.
Your Fighting skill increases to level 2!
You shoot a sling bullet.
The sling bullet closely misses the rat.
The quokka barely misses you. The rat bites you. The quokka barely misses you.
You shoot a sling bullet.
The sling bullet closely misses the rat.
The quokka bites you but does no damage.
The rat barely misses you.
You shoot a sling bullet.
The sling bullet closely misses the rat.
The quokka bites you. The rat bites you but does no damage.
The quokka barely misses you.
You shoot a sling bullet. The sling bullet hits the rat.
You kill the rat!
The quokka barely misses you.
You shoot a sling bullet.
The sling bullet barely misses the quokka.
The quokka barely misses you. The quokka bites you.
You die...

#.##.####### #.#
###..........#######.#
#......#.##.....)....#
.#......##..#:.######
#....####....##
#.....# #>...#
#...#.###....#
#.##)r..^.#.####
#....@....#.#
####......#. #%.....#
.......# .......##
........# #.........
#........##


You could see a quokka.

Vanquished Creatures
  An endoplasm (D:1)
  A giant cockroach (D:1)
  2 goblins (D:1)
  A hobgoblin (D:1)
  7 kobolds (D:1)
  A quokka (D:1)
  A ball python (D:1)
  4 bats (D:1)
  2 frilled lizards (D:1)
  5 rats (D:1)
25 creatures vanquished.

Notes
Turn   | Place    | Note
-------+----------+-------------------------------------------
     0 | D:1      | qw the Gargoyle Hexslinger began the quest for the Orb.
     0 | D:1      | Reached XP level 1. HP: 12/12 MP: 2/2
     0 | D:1      | 0 ||| qw: Version: 0.3-a-52-g30416fa
     0 | D:1      | 0 ||| qw: Game counter: 6352
     0 | D:1      | 0 ||| qw: Melee chars always use a shield: true
     0 | D:1      | 0 ||| qw: God list: Okawaru
     0 | D:1      | 0 ||| qw: Allow faded altars: false
     0 | D:1      | 0 ||| qw: Do Orc after clearing Dungeon:15 true
     0 | D:1      | 0 ||| qw: Do second Lair branch before Depths: true
     0 | D:1      | 0 ||| qw: Lair rune preference: random
     0 | D:1      | 0 ||| qw: Goals: Normal
     0 | D:1      | 0 ||| PLANNING D:1-11
    96 | D:1      | Reached XP level 2. HP: 16/16 MP: 3/3
   211 | D:1      | Reached skill level 3 in Ranged Weapons
   308 | D:1      | HP: 4/17 [hobgoblin (3)]
   310 | D:1      | Reached XP level 3. HP: 3/21 MP: 4/4
   316 | D:1      | HP: 1/21 [rat (2)]
   320 | D:1      | Slain by a quokka

Levels and vault maps discovered:
D:1:      lightli_arrival_lavapool, layout_basic, minmay_tall_x

Skill      XL: |  1  2  3 |
---------------+----------+-----
Ranged Weapons | 3 |  3.0
Fighting       | 2 |  2.0
Dodging        | |  1.5
Spellcasting   | |  1.0
Hexes          | |  2.6

Action                     || total
---------------------------++-------
   Fire: Sling             ||    71
 Armour: Robe              ||    18
  Dodge: Dodged            ||    46

Table legend:
 A = Non-vault XP
 B = Vault XP
 C = Vault XP percentage of total XP
 D = Non-vault monster count
 E = Vault monster count
 F = Vault count percentage of total count
                 A         B        C        D         E       F
            +---------+---------+-------+---------+---------+-------
      Total |      33 |       5 |  13.2 |      21 |       4 |  16.0
            +---------+---------+-------+---------+---------+-------
        D:1 |      33 |       5 |  13.2 |      21 |       4 |  16.0
            +---------+---------+-------+---------+---------+-------
